 Dungeon Crawl Stone Soup version 0.27-a0-1065-ge809cff456 (webtiles) character file.

Game seed: 13043119628902789569

7132 kae the Grappler (level 10, -22/151 HPs)
             Began as a Yellow Draconian Transmuter on Apr 22, 2021.
             Was an Initiate of Ru.
             Annihilated by a red ugly thing (25 damage)
             ... on level 7 of the Dungeon.
             The game lasted 00:07:08 (10153 turns).

kae the Grappler (Yellow Draconian Transmuter)     Turns: 10153, Time: 00:07:09

Health: -22/151    AC:  7    Str: 18    XL:     10   Next: 85%
Magic:  14/18      EV: 15    Int: 18    God:    Ru [......]
Gold:   249        SH:  0    Dex: 11    Spells: 7/20 levels left

rFire    x . .     SeeInvis .     - Unarmed
rCold    + + +     Faith    .   (shield currently unavailable)
rNeg     . . .     Spirit   .   (armour unavailable)
rPois    +         Reflect  .   (helmet currently unavailable)
rElec    .         Harm     .   (cloak currently unavailable)
rCorr    .         Rampage  .   (gloves currently unavailable)
Will     .....                  (boots currently unavailable)
Stlth    ..........             t - amulet of regeneration
HPRegen  1.35/turn              e - +6 ring of strength
MPRegen  0.16/turn              h - +4 ring of evasion

@: berserking, ice-form, very quick
A: freezing attack, amphibious, boosted hp, (spit acid), AC +7, large, unfitting
armour, (cold-blooded), (acid resistance)
a: End Transformation, Renounce Religion


You were on level 7 of the Dungeon.
You worshipped Ru.
Ru was noncommittal.
You were a creature of crystalline ice.
You visited 2 branches of the dungeon, and saw 8 of its levels.

You collected 345 gold pieces.
You spent 96 gold pieces at shops.

Inventory:

Missiles
 u - 2 throwing nets
Armour
 f - a +0 cloak (melded)
 l - a +2 hat of intelligence (melded)
Jewellery
 a - an amulet of reflection
 e - a +6 ring of strength (left front paw)
 h - a +4 ring of evasion (right front paw)
 i - a +6 ring of strength
 t - an amulet of regeneration (around neck)
Wands
 p - a wand of digging (4)
 q - a wand of mindburst (13)
Scrolls
 k - a scroll of amnesia
 s - a scroll of enchant armour
Potions
 c - a potion of cancellation
 d - 2 potions of heal wounds
 g - 3 potions of haste
 j - a potion of berserk rage
 m - 2 potions of resistance
 o - a potion of magic


   Skills:
 + Level 6.7 Fighting
 + Level 5.7 Dodging
 * Level 9.1 Unarmed Combat
 + Level 5.8 Spellcasting
 * Level 9.0 Transmutations
 - Level 3.0 Ice Magic
 - Level 3.0 Poison Magic


You had 7 spell levels left.
You knew the following spells:

 Your Spells              Type           Power      Damage    Failure   Level
a - Beastly Appendage     Tmut           74%        N/A       1%          1
b - Spider Form           Tmut/Pois      13%        N/A       3%          3
c - Ice Form              Ice/Tmut       27%        N/A       10%         4
d - Hydra Form            Tmut           18%        N/A       9%          5

Your spell library contained the following spells:

 Spells                   Type           Power      Damage    Failure   Level
 Wereblood                Tmut           37%        N/A       1%          2
 Passwall                 Tmut/Erth      17%        N/A       2%          2
 Foxfire                  Conj/Fire      20%        2x1d5     12%         1
 Magic Dart               Conj           20%        1d4       12%         1
 Sandblast                Erth           10%        2d5       12%         1
 Shock                    Conj/Air       20%        1d4       12%         1
 Searing Ray              Conj           10%        3d3       19%         2
 Static Discharge         Conj/Air       5%         N/A       19%         2
 Petrify                  Tmut/Erth      21%        N/A       19%         4
 Confusing Touch          Hex            5%         N/A       36%         3
 Conjure Flame            Conj/Fire      5%         6-21      36%         3
 Dazzling Flash           Conj/Hex       10%        N/A       36%         3
 Gell's Gravitas          Tloc           2%         N/A       36%         3
 Inner Flame              Hex/Fire       5%         N/A       36%         3
 Stone Arrow              Conj/Erth      10%        3d7       36%         3
 Swiftness                Air            5%         N/A       36%         3
 Yara's Violent Unravell  Hex/Tmut       10%        3d6       45%         5
 Airstrike                Air            2%         N/A       77%         4
 Fulminant Prism          Conj/Hex       2%         3d6       77%         4
 Iskenderun's Mystic Bla  Conj/Tloc      5%         2d3       77%         4
 Sticky Flame             Conj/Fire      5%         2d3       77%         4
 Metabolic Englaciation   Hex/Ice        5%         N/A       88%         5
 Fireball                 Conj/Fire      2%         3d4       98%         5
 Lee's Rapid Deconstruct  Erth           2%         3d6*      98%         5
 Lightning Bolt           Conj/Air       2%         1d14      98%         5


Dungeon Overview and Level Annotations

Branches:
Dungeon (7/15)             Temple (1/1) D:7

Altars:
Ashenzari
Cheibriados
Dithmenos
Elyvilon
Fedhas
Gozag
Hepliaklqana
Kikubaaqudgha
Makhleb
Nemelex Xobeh
Okawaru
Qazlal
Ru
Sif Muna
Uskayaw
Vehumet
Wu Jian
Xom
Yredelemnul
Zin
The Shining One

Shops:
D:3 (*   D:6 :


Innate Abilities, Weirdness & Mutations

You are a creature of crystalline ice.
You have a powerful freezing melee attack.
You are amphibious.
Your maximum health is increased.
Your armour is entirely melded.
You are incapable of wielding weapons or throwing items.
((You can spit globs of acid.))
((Your golden yellow scales are hard. (AC +7)))
You cannot fit into any form of body armour.
((You are cold-blooded and may be slowed by cold attacks.))
((You are resistant to acid. (rCorr)))


Message History

You feel yourself speed up.
You warm up again.
Your +0 cloak unmelds from your body.
Your +2 hat of intelligence unmelds from your body.
You feel clever.
You recover from your berserk rage.
You see here a +0 vorpal great mace.
You see here a manual of Armour.
A red ugly thing comes into view.
The red ugly thing gurgles horribly!
A red ugly thing is nearby!
A red ugly thing is nearby!
A red ugly thing is nearby!
Okay, then.
Okay, then.
Casting: Ice Form (dangerous; 9% risk of failure)
Confirm with . or Enter, or press ? or * to list all spells.
You turn into a creature of crystalline ice.
Your +0 cloak melds into your body.
Your +2 hat of intelligence melds into your body.
You feel stupid. The red ugly thing gores you!
You are engulfed in flames!!
The fire burns you terribly!
A red film seems to cover your vision as you go berserk!
You feel yourself moving faster!
You feel mighty! The red ugly thing gores you!
You are engulfed in flames!!
The fire burns you terribly!
You pummel the red ugly thing!! You freeze the red ugly thing.
The red ugly thing is heavily wounded.
The red ugly thing gores you.
* * * LOW HITPOINT WARNING * * *
You are engulfed in flames!!
The fire burns you terribly!
* * * LOW HITPOINT WARNING * * *
You punch the red ugly thing! You freeze the red ugly thing.
The red ugly thing is severely wounded.
You hit the red ugly thing. You freeze the red ugly thing.
The red ugly thing is severely wounded.
The red ugly thing gores you!
* * * LOW HITPOINT WARNING * * *
You are engulfed in flames!!
The fire burns you terribly!
You die...

##..#..##.#.....#...##.##))†#....
..##.##..#########.#.....#.##.#..
#.##.##.###.....###..###..##..#..
##..#..###.#####.###..#..##...#..
.###.####.## .##.########..#....
.#.##..#.## .##.#..#..#)####..
.##..#.##.## #.#.#.#.#.#.# #..
.##...####.# #u#..#...##.####..
.#.#..##.#.## ##Y#.##..#.#.......
.#..##.#.##)###.##.#.##).#...##..
.###.####.##:..##.####.###...##..
##.#)#.###)#####.###..)..##..##..
# #.#.#.###)))..#####...####.....
#†#†#.#.##########.##.##)###.#.#
#.#.#.#.#.# #.# #.##.#.#.# #....
.#.#.#.#.####.###..##)..##..#.#.#
#.#.#.#.#.).........))8.....#...(


You could see a red ugly thing.

Vanquished Creatures
  Harold (D:7)
  A boulder beetle (D:7)
  Maggie (D:7)
  A gargoyle (D:7)
  A komodo dragon (D:7)
  A troll (D:7)
  Eustachio (D:6)
  Menkaure (D:6)
  4 water moccasins
  4 orc warriors
  3 ice beasts (D:7)
  Duvessa (D:7)
  2 black bears (D:7)
  2 sky beasts
  7 centaurs
  A necrophage (D:7)
  3 phantoms
  2 kobold brigands (D:7)
  A bullfrog (D:7)
  A gnoll sergeant (D:7)
  2 wyvern zombies (D:7)
  3 scorpions
  A wyvern skeleton (D:7)
  Dowan (D:7)
  A water moccasin skeleton (D:4)
  A wight (D:7)
  2 howler monkeys (D:7)
  A centaur skeleton (D:7)
  2 hounds
  6 orc priests
  Crazy Yiuf (D:3)
  2 bullfrog skeletons (D:7)
  A gnoll shaman (D:5)
  Jessica (D:3)
  Ijyb (D:3)
  4 iguanas
  6 orc wizards
  A killer bee zombie (D:7)
  3 hound zombies
  A hound skeleton (D:5)
  A howler monkey zombie (D:7)
  23 gnolls
  10 adders
  3 shadow imps (D:7)
  A white imp (D:5)
  An ufetubus (D:7)
  2 worms
  2 dart slugs
  22 orcs
  6 ball pythons
  5 bats
  8 endoplasms
  3 giant cockroaches (D:2)
  4 goblins
  5 hobgoblins
  2 jackals (D:1)
  4 quokkas
  A frilled lizard (D:2)
  10 kobolds
  A quokka skeleton (D:4)
  6 rats
200 creatures vanquished.

Vanquished Creatures (others)
  2 fungi (D:3)
2 creatures vanquished.

Grand Total: 202 creatures vanquished

Notes
Turn   | Place    | Note
-------+----------+-------------------------------------------
     0 | D:1      | kae the Draconian Transmuter began the quest for the Orb.
     0 | D:1      | Reached XP level 1. HP: 16/16 MP: 3/3
   210 | D:1      | Found a faded altar of an unknown god.
   275 | D:1      | Reached XP level 2. HP: 23/23 MP: 3/5
  1280 | D:2      | Reached XP level 3. HP: 28/28 MP: 4/6
  1284 | D:2      | Learned a level 3 spell: Spider Form
  1982 | D:2      | Reached XP level 4. HP: 36/36 MP: 7/7
  1996 | D:2      | Reached skill level 1 in Poison Magic
  2221 | D:3      | Found Cuelut's Assorted Antiques.
  2235 | D:3      | Bought a metallic amethyst potion for 18 gold pieces
  2235 | D:3      | Bought a brown potion for 18 gold pieces
  2273 | D:3      | Noticed Jessica
  2277 | D:3      | Killed Jessica
  2593 | D:3      | Noticed Ijyb
  2600 | D:3      | Paralysed by Ijyb for 5 turns
  2617 | D:3      | Killed Ijyb
  2618 | D:3      | Reached XP level 5. HP: 26/41 MP: 2/8
  2856 | D:3      | Found Koanaxt's Antique Weapon Emporium.
  2999 | D:3      | Found a runed translucent door.
  3000 | D:3      | Noticed Crazy Yiuf
  3623 | D:3      | Killed Crazy Yiuf
  3822 | D:4      | Reached XP level 6. HP: 37/50 MP: 6/9
  4915 | D:5      | Entered Level 5 of the Dungeon
  4991 | D:5      | Noticed a water moccasin
  5007 | D:4      | Learned a level 4 spell: Ice Form
  5217 | D:5      | Killed a water moccasin
  5218 | D:5      | Your scales start taking on a golden yellow colour.
  5218 | D:5      | Reached XP level 7. HP: 56/56 MP: 6/11
  5218 | D:5      | Gained mutation: You are resistant to acid. (rCorr) [Yellow
                  | Draconian growth]
  5638 | D:5      | Reached skill level 5 in Unarmed Combat
  6281 | D:5      | Reached skill level 1 in Ice Magic
  6800 | D:6      | Reached skill level 5 in Transmutations
  6800 | D:6      | Reached XP level 8. HP: 51/64 MP: 8/13
  7270 | D:6      | Noticed Menkaure
  7277 | D:6      | Killed Menkaure
  7741 | D:6      | Noticed Eustachio
  7758 | D:6      | Killed Eustachio
  7790 | D:6      | Found Fionah's Book Shoppe.
  8141 | D:6      | Reached XP level 9. HP: 72/72 MP: 10/15
  8291 | D:7      | Identified a scroll of acquirement
  8291 | D:7      | Acquired a +2 hat of intelligence
  8506 | D:7      | Noticed Harold
  8607 | D:6      | Learned a level 5 spell: Hydra Form
  8621 | D:7      | Killed Harold
  8622 | D:7      | Reached skill level 5 in Fighting
  8796 | D:7      | Found a staircase to the Ecumenical Temple.
  9105 | Temple   | Entered the Ecumenical Temple
  9184 | Temple   | Became a worshipper of Ru the Awakened
  9317 | D:3      | Bought a scroll of identify for 40 gold pieces
  9317 | D:3      | Bought a scroll labelled HEVOSU HI ADI for 20 gold pieces
  9487 | D:7      | Reached skill level 5 in Spellcasting
  9492 | D:7      | Reached XP level 10. HP: 83/83 MP: 13/17
  9553 | D:7      | Reached skill level 5 in Dodging
  9618 | D:7      | Noticed Maggie
  9629 | D:7      | Killed Maggie
  9791 | D:7      | Noticed Dowan
  9798 | D:7      | Killed Dowan
  9802 | D:7      | Noticed Duvessa
  9848 | D:7      | Killed Duvessa
  9904 | D:7      | Noticed a gargoyle
  9919 | D:7      | Killed a gargoyle
 10052 | D:7      | Noticed a boulder beetle
 10091 | D:7      | Killed a boulder beetle
 10147 | D:7      | Noticed a red ugly thing
 10153 | D:7      | HP: 3/151 [red ugly thing (13)]
 10153 | D:7      | Annihilated by a red ugly thing

Illustrated notes

Levels and vault maps discovered:
D:1:      lemuel_arrival_cross, layout_rooms, basic_ecumenical_altar,
          kennysheep_pointless_box
D:2:      layout_basic, minmay_misc_feat_five
D:3:      layout_loops_ring, serial_shops, shop, nicolae_shop_window_shopping,
          minmay_diced_spiral, uniq_ijyb, uniq_crazy_yiuf_cottage, uniq_jessica
D:4:      layout_cave_pods
D:5:      layout_basic, grunt_ministairs_7
D:6:      layout_basic, serial_shops, shop, minmay_misc_feat_cross,
          supply_closet_lemuel, roderic_serpentine_path, uniq_eustachio,
          uniq_menkaure
D:7:      minmay_the_grid_octo_tiled_octocenter [minmay_the_grid_octo_focus,
          minmay_the_grid_octo_checkerflower, minmay_the_grid_octo_checkered,
          minmay_the_grid_octo_clover_2,
          minmay_the_grid_octo_prize_single_spiral,
          minmay_the_grid_square_5x5_dogpile,
          minmay_the_grid_square_5x5_gyroscope, minmay_the_grid_square_5x5_plus,
          minmay_the_grid_square_5x5_corner], layout_loops_ring,
          minmay_temple_entry_poolview, uniq_duvessa, uniq_maggie, uniq_harold
Temple:   dpeg_three_leaves_temple

Skill      XL: |  1  2  3  4  5  6  7  8  9 10 |
---------------+-------------------------------+-----
Dodging        | 2 3 4 5 |  5.7
Poison Magic   | 1 2 3 |  3.0
Fighting       | 2 3 4 5 6 |  6.7
Transmutations | 3 4 5 6 7 9 |  9.0
Unarmed Combat | 4 5 6 7 9 |  9.1
Spellcasting   | 3 4 5 |  5.8
Ice Magic      | 1 3 |  3.0

Action                   |  1- 3 |  4- 6 |  7- 9 | 10-12 || total
-------------------------+-------+-------+-------+-------++-------
Melee: Unarmed           |   103 |   168 |   309 |   139 ||   719
       Kick              |    12 |    10 |       |       ||    22
       Headbutt          |     9 |    10 |       |       ||    19
       Tailslap          |     7 |     8 |     3 |     4 ||    22
       Punch             |     2 |     1 |       |     2 ||     5
 Cast: Beastly Appendage |    21 |    15 |       |       ||    36
       Spider Form       |       |    13 |    15 |       ||    28
       Ice Form          |       |     1 |    11 |     7 ||    19
       Hydra Form        |       |       |     4 |     2 ||     6
 Abil: Breathe Acid      |       |       |     3 |       ||     3
  Use: Scroll            |     4 |     1 |     9 |       ||    14
       Potion            |       |       |       |     4 ||     4
 Stab: Sleeping          |       |     1 |       |       ||     1
Armor: Skin              |    46 |    22 |    45 |    51 ||   164
Dodge: Dodged            |    82 |   102 |   255 |    83 ||   522
Block: Other             |       |    20 |    57 |       ||    77
       Reflection        |       |     3 |     2 |       ||     5

Table legend: (Time is in decaauts)
 A = Elapsed time spent in this place.
 B = Non-inter-level travel time spent in this place.
 C = Inter-level travel time spent in this place.
 D = Time resting spent in this place.
 E = Time spent auto-exploring this place.
 F = Levels seen in this place.
 G = Mean time per level.
                   A        B        C        D        E       F      G
               +--------+--------+--------+--------+--------+-----+--------+
         Total |  10099 |   9649 |    450 |    288 |   7884 |   8 | 1262.4 |
       Dungeon |  10016 |   9583 |    433 |    288 |   7820 |   7 | 1430.9 |
        Temple |     82 |     65 |     17 |      0 |     64 |   1 |   82.0 |
               +--------+--------+--------+--------+--------+-----+--------+

Top non-repeatable levels by time:
     D:5: 1991 daAuts
     D:3: 1701 daAuts
     D:4: 1414 daAuts
     D:7: 1378 daAuts
     D:6: 1342 daAuts
     D:2: 1283 daAuts
     D:1: 904 daAuts
  Temple: 82 daAuts
